Map: Jagannatha LE

Players

Countess

  • Race: Protoss Protoss
  • League: Master

zuka - Winner!

  • Race: Protoss Protoss
  • League: Master

VOD

Have the link to the VOD?

Description

Time

  • Played on: May 11, 2021, 4:34 p.m.
  • Length: 7:30
Show
View Real Time Build Order
Export as new Build Order

Countess Protoss 

Build Orders:  

Get SALT Encoding   

  12  0:00  Probe  
  13  0:12  Probe  
  14  0:19  Pylon  
  14  0:24  Probe (Chrono Boost)  
  15  0:38  Gateway, Probe (Chrono Boost)  
  16  0:46  Probe (Chrono Boost)  
  16  0:47  Assimilator  
  17  0:52  Probe  
  17  0:56  Assimilator  
  18  1:04  Probe  
  19  1:15  Gateway  
  19  1:19  Probe (Chrono Boost)  
  20  1:27  Probe (Chrono Boost)  
  20  1:28  Cybernetics Core  
  21  1:33  Probe  
  21  1:38  Pylon  
  22  1:45  Probe  
  23  1:57  Probe  
  24  2:03  Warp Gate (Chrono Boost)  
  24  2:05  Stalker x2  
  28  2:14  Pylon  
  28  2:17  Pylon  
  28  2:25  Probe  
  29  2:36  Sentry  
  31  2:40  Sentry  
  33  2:48  Nexus  
  33  2:55  Shield Battery  
  33  3:01  Probe  
  33  3:02  Sentry  
  36  3:11  Pylon  
  36  3:13  Probe  
  37  3:24  Twilight Council  
  37  3:25  Probe  
  38  3:37  Probe  
  39  3:44  Stalker x2  
  43  3:49  Probe  
  43  3:55  Shield Battery  
  44  4:03  Robotics Facility  
  44  4:04  Probe  
  44  4:05  Probe  
  46  4:14  Pylon  
  46  4:18  Blink (Chrono Boost)  
  46  4:22  Probe  
  47  4:25  Probe  
  48  4:37  Probe x2  
  49  4:49  Gateway  
  49  4:50  Gateway, Observer (Chrono Boost)  
  50  4:55  Probe x2  
  52  5:14  Pylon  
  52  5:20  Gateway  
  52  5:21  Gateway  
  52  5:28  Stalker x2  
  56  5:32  Shield Battery  
  56  5:33  Probe x2  
  58  5:39  Assimilator  
  58  5:42  Pylon  
  58  5:44  Observer  
  59  5:52  Probe x2  
  61  6:01  Stalker x3  
  67  6:04  Probe x2  
  67  6:07  Stalker  
  71  6:22  Pylon  
  71  6:24  Pylon  
  71  6:26  Pylon  
  65  6:37  Stalker x5  
  65  6:38  Observer  
  68  7:06  Stalker  
  68  7:07  Stalker x5  
Show
View Real Time Build Order
Export as new Build Order

zuka Protoss - Winner!

Build Orders: Zealot Archon, Dark Templar Rush 

Get SALT Encoding   

  12  0:00  Probe  
  13  0:12  Probe  
  14  0:17  Pylon  
  14  0:24  Probe (Chrono Boost)  
  16  0:37  Probe (Chrono Boost)  
  16  0:38  Gateway  
  16  0:42  Probe (Chrono Boost)  
  16  0:47  Assimilator  
  17  0:51  Probe  
  17  0:55  Assimilator  
  18  1:03  Probe  
  19  1:15  Probe  
  19  1:16  Gateway  
  20  1:27  Cybernetics Core  
  20  1:29  Probe  
  21  1:37  Pylon  
  21  1:41  Probe  
  22  1:53  Probe  
  23  2:00  Stalker (Chrono Boost)  
  23  2:07  Stargate  
  25  2:09  Probe  
  25  2:11  Warp Gate (Chrono Boost)  
  26  2:22  Twilight Council  
  26  2:26  Stalker  
  28  2:30  Stalker  
  30  2:50  Pylon  
  30  2:59  Dark Shrine  
  30  3:15  Robotics Facility  
  30  3:20  Shield Battery  
  30  3:32  Nexus  
  30  3:41  Pylon  
  30  3:47  Probe  
  31  3:53  Gateway  
  31  3:59  Probe  
  32  4:11  Dark Templar, Probe  
  32  4:13  Dark Templar  
  37  4:24  Charge (Chrono Boost), Probe  
  38  4:36  Probe  
  39  4:46  Probe  
  39  4:48  Probe  
  39  4:52  Zealot x2  
  45  4:59  Probe  
  46  5:00  Probe  
  47  5:11  Probe  
  47  5:12  Probe  
  49  5:17  Gateway  
  49  5:18  Gateway  
  49  5:23  Probe  
  49  5:24  Gateway, Probe  
  49  5:27  Archon  
  51  5:33  Gateway, Observer (Chrono Boost)  
  52  5:35  Gateway  
  52  5:44  Dark Templar x2  
  52  5:47  Probe x2  
  58  5:55  Archon  
  58  6:01  Pylon  
  58  6:03  Pylon  
  58  6:10  Pylon  
  58  6:14  Dark Templar x2  
  62  6:18  Archon  
  62  6:20  Zealot x3  
  64  6:31  Zealot x3  
  60  6:41  Zealot x3  
  66  6:49  Zealot x2  
  66  7:05  Dark Templar x2  
  66  7:07  Zealot x3  
  76  7:10  Zealot  
  68  7:23  Zealot x2  
Tags
 
Add a new tag
Caveats
  • Supply blocks, unpowered buildings, or Contaminate may cause inaccurate times.
  • Supply counts are checked every 10 seconds.